 Dungeon Crawl Stone Soup version 0.29-a0-613-gf2c431b9b9 (webtiles) character file.

Game seed: 2250240643682566586

645 happo123 the Ruffian (level 7, -2/65 HPs)
             Began as a Troll Transmuter on June 16, 2022.
             Slain by a killer bee (4 damage)
             ... on level 5 of the Dungeon.
             The game lasted 00:15:27 (3580 turns).

happo123 the Ruffian (Troll Transmuter)             Turns: 3580, Time: 00:15:27

Health: -2/65      AC:  4    Str: 19    XL:     7   Next: 27%
Magic:  9/9        EV: 10    Int: 23    God:
Gold:   309        SH:  0    Dex: 10    Spells: 7/10 levels left

rFire   . . .      SeeInvis .     - Unarmed
rCold   . . .      Faith    .   (no shield)
rNeg    . . .      Spirit   .   a - +0 robe
rPois   .          Reflect  .   i - +0 hat
rElec   .          Harm     .   (no cloak)
rCorr   .          Rampage  .   (gloves unavailable)
Will    .....                   (boots unavailable)
Stlth   +.........              (no amulet)
HPRegen 1.00/turn               v - +6 ring of intelligence
MPRegen 0.11/turn               r - +6 ring of intelligence

@: lethally poisoned (-2 -> -4)
A: large, unfitting armour, claws 3, regeneration 1, shaggy fur 1, tough skin 1
a: no special abilities


You were on level 5 of the Dungeon.
You visited 1 branch of the dungeon, and saw 5 of its levels.

You collected 309 gold pieces.

Inventory:

Armour
 a - a +0 robe (worn)
 i - a +0 hat (worn)
Jewellery
 m - a ring of willpower
 q - a ring of see invisible
 r - a +6 ring of intelligence (right claw)
 v - a +6 ring of intelligence (left claw)
Scrolls
 c - 4 scrolls of noise {unknown}
 d - 5 scrolls of identify {unknown}
 e - 2 scrolls of poison {unknown}
 f - 5 scrolls of teleportation {unknown}
 j - a scroll of blinking {unknown}
 l - a scroll of enchant armour {unknown}
 o - a scroll of magic mapping {unknown}
 p - a scroll of fog {unknown}
 u - a scroll of summoning {unknown}
Potions
 b - 2 potions of lignification
 g - 2 potions of degeneration {unknown}
 h - a potion of cancellation {unknown}
 k - 2 potions of invisibility {unknown}
 n - a potion of attraction {unknown}
 s - a potion of haste {unknown}
 t - a potion of curing {unknown}
 w - a potion of mutation {unknown}


   Skills:
 + Level 2.1 Fighting
 + Level 2.7 Dodging
 * Level 5.0 Unarmed Combat
 + Level 2.1 Spellcasting
 * Level 3.2 Transmutations
 + Level 1.7 Ice Magic


You had 7 spell levels left.
You knew the following spells:

 Your Spells              Type           Power      Damage    Failure   Level
a - Beastly Appendage     Tmut           34%        N/A       3%          1
b - Wereblood             Tmut           17%        N/A       4%          2

Your spell library contained the following spells:

 Spells                   Type           Power      Damage    Failure   Level
 Shock                    Conj/Air       8%         1d3       13%         1
 Ozocubu's Armour         Ice            10%        N/A       19%         3
 Spider Form              Tmut/Pois      9%         N/A       19%         3
 Gell's Gravitas          Tloc           2%         N/A       36%         3
 Teleport Other           Tloc           2%         N/A       36%         3
 Ice Form                 Ice/Tmut       14%        N/A       41%         4
 Dispersal                Tloc           1%         N/A       100%        6
 Ozocubu's Refrigeration  Ice            5%         4d6       100%        7


Dungeon Overview and Level Annotations

Branches:
Dungeon (5/15)
 Temple: D:4-7

Altars:
Sif Muna
Trog


Innate Abilities, Weirdness & Mutations

You are too large for most types of armour.
You have claws for hands.
Your natural rate of healing is unusually fast.
You are covered in fur. (AC +1)
You have tough skin. (AC +1)


Message History

The killer bee stings you.
The killer bee attacks as you move away!
The killer bee misses you.
You feel sick. The killer bee closely misses you.
The killer bee attacks as you move away!
The killer bee stings you.
You are more poisoned.
The killer bee poisons you!
You feel very sick.
You feel very sick.
You feel sick.
Things that are here:
a +0 whip; a throwing net; an adder corpse The killer bee attacks as you move away!
The killer bee barely misses you.
You feel sick. The killer bee misses you.
You see here 6 datura-tipped darts.
You barely miss the killer bee. You claw the killer bee!
Your headbutt misses the killer bee.
The killer bee is heavily wounded.
You howl as the wereblood boils in your veins!
Your primal bloodlust has ended.
You feel sick. The killer bee stings you.
* * * LOW HITPOINT WARNING * * *
The killer bee stings you.
* * * LOW HITPOINT WARNING * * *
You feel sick. The killer bee stings you.
* * * LOW HITPOINT WARNING * * *
You are lethally poisoned!
The killer bee poisons you!
Your horns disappear.
Your talons disappear.
Your +0 hat unmelds from your body.
* * * LOW HITPOINT WARNING * * *
You feel very sick.
* * * LOW HITPOINT WARNING * * *
You feel sick.
The killer bee stings you but does no damage.
* * * LOW HITPOINT WARNING * * *
You feel sick.
The killer bee attacks as you move away!
The killer bee stings you.
You die...

######### # #....... .#
#######.....####.#
#.................
#.#####..)..##.#..
######y#####).)..#.<...
#.....@y.y.(#.#........
#.####.####.#.#.##.....
#.# #.# #.#y.........
#.# #.# #.###y##...#.
#.# #.# #.##......##.
#<# #.# #.##..##### .
#.# #.# #.##y.#
#.####.####.##...
#...........##....


You could see 3 killer bees.

Vanquished Creatures
  2 phantoms
  A necrophage (D:4)
  A scorpion (D:4)
  2 hounds (D:4)
  An orc priest (D:4)
  An iguana (D:4)
  13 gnolls
  2 adders
  A white imp (D:3)
  A dart slug (D:2)
  10 orcs
  10 endoplasms
  3 giant cockroaches
  5 goblins
  10 hobgoblins
  6 jackals
  6 kobolds
  5 quokkas
  6 ball pythons
  5 bats
  9 rats
100 creatures vanquished.

Vanquished Creatures (others)
  16 fungi (D:4)
  6 plants (D:2)
22 creatures vanquished.

Grand Total: 122 creatures vanquished

Notes
Turn   | Place    | Note
-------+----------+-------------------------------------------
     0 | D:1      | happo123 the Troll Transmuter began the quest for the Orb.
     0 | D:1      | Reached XP level 1. HP: 18/18 MP: 1/1
    84 | D:1      | Reached XP level 2. HP: 26/26 MP: 0/2
   132 | D:1      | Reached skill level 1 in Fighting
   710 | D:2      | Reached XP level 3. HP: 27/33 MP: 2/4
   713 | D:2      | Learned a level 2 spell: Wereblood
   740 | D:2      | Reached XP level 4. HP: 18/41 MP: 1/5
   955 | D:2      | Found a faded altar of an unknown god.
  2125 | D:3      | Found a bloodstained altar of Trog.
  2132 | D:3      | Reached XP level 5. HP: 48/48 MP: 4/6
  2142 | D:3      | Found a shimmering blue altar of Sif Muna.
  2146 | D:3      | Got Sif Muna's Incunabulum of Lightness
  2402 | D:4      | Noticed a phantom
  2413 | D:4      | Killed a phantom
  2414 | D:4      | Reached skill level 4 in Unarmed Combat
  2414 | D:4      | Reached skill level 1 in Ice Magic
  2507 | D:4      | Reached XP level 6. HP: 38/57 MP: 7/7
  2801 | D:4      | Reached XP level 7. HP: 52/65 MP: 2/9
  3503 | D:5      | Entered Level 5 of the Dungeon
  3552 | D:5      | Reached skill level 5 in Unarmed Combat
  3578 | D:5      | HP: 3/65 [poisoned by a killer bee]
  3580 | D:5      | Slain by a killer bee

Illustrated notes

Levels and vault maps discovered:
D:1:      amcnicky_arrival_underground_garden, layout_loops_ring
D:2:      layout_loops_corners, serial_glass, glass_columns_a, glass_columns_a,
          shapermc_ecumenical_altar_venn, serial_bayou_pond_a,
          nicolae_elevator_lobby_asterisk
D:3:      layout_loops_ring, nzn_overflow_gifts_of_might_and_magic
D:4:      layout_basic, serial_aquarium, aquarium_bridge_straight
          [aquarium_subvault_bridge, aquarium_subvault_window,
          aquarium_subvault_bridge, aquarium_subvault_wall],
          aquarium_bridge_island_large [aquarium_subvault_large_water,
          aquarium_subvault_bridge, aquarium_subvault_window,
          aquarium_subvault_window, aquarium_subvault_bridge],
          aquarium_window_2, aquarium_window_1, aquarium_window_double,
          aquarium_view_2d, aquarium_view_2c, aquarium_pool_2,
          hangedman_abyss_or_decor_stabs, minmay_fractal_squares_gapless_5
D:5:      layout_loops_ring

Skill      XL: |  1  2  3  4  5  6  7 |
---------------+----------------------+-----
Fighting       | 1 2 |  2.1
Transmutations | 2 3 |  3.2
Dodging        | 2 |  2.7
Unarmed Combat | 4 5 |  5.0
Ice Magic      | 1 |  1.7
Spellcasting   | 2 |  2.1

Action                   |  1- 3 |  4- 6 |  7- 9 || total
-------------------------+-------+-------+-------++-------
Melee: Unarmed           |    74 |   165 |    35 ||   274
       Kick              |     5 |    16 |     9 ||    30
       Headbutt          |     2 |     6 |     5 ||    13
       Punch             |       |     3 |       ||     3
 Cast: Beastly Appendage |     4 |    15 |     2 ||    21
       Wereblood         |       |     4 |     1 ||     5
Armor: Robe              |    17 |    55 |     6 ||    78
Dodge: Dodged            |    33 |    68 |    20 ||   121

Table legend: (Time is in decaauts)
 A = Elapsed time spent in this place.
 B = Non-inter-level travel time spent in this place.
 C = Inter-level travel time spent in this place.
 D = Time resting spent in this place.
 E = Time spent auto-exploring this place.
 F = Levels seen in this place.
 G = Mean time per level.
                   A        B        C        D        E       F      G
               +--------+--------+--------+--------+--------+-----+--------+
         Total |   3556 |   3120 |    436 |      0 |   2306 |   5 |  711.2 |
       Dungeon |   3556 |   3120 |    436 |      0 |   2306 |   5 |  711.2 |
               +--------+--------+--------+--------+--------+-----+--------+

Top non-repeatable levels by time:
     D:4: 1118 daAuts
     D:2: 988 daAuts
     D:1: 687 daAuts
     D:3: 686 daAuts
     D:5: 74 daAuts
